 Dungeon Crawl Stone Soup version 0.29.1-2-gbd0b4ee654 (webtiles) character file.

Game seed: 10262701448051681904

60 GorkyZ the Trooper (level 4, 0/28 HPs)
             Began as a Gargoyle Monk on Nov 30, 2022.
             Slain by a worm (7 damage)
             ... on level 3 of the Dungeon.
             The game lasted 00:03:40 (2133 turns).

GorkyZ the Trooper (Gargoyle Monk)                  Turns: 2133, Time: 00:03:41

Health: 0/28       AC:  5    Str: 16    XL:     4   Next: 6%
Magic:  4/4        EV: 12    Int: 11    God:
Gold:   126        SH:  0    Dex: 12    Spells: 3/3 levels left

rFire   . . .      SeeInvis .   a - +0 hand axe
rCold   . . .      Faith    .   (no shield)
rNeg    + . .      Spirit   .   b - +0 robe
rPois   ∞          Reflect  .   (no helmet)
rElec   +          Harm     .   (no cloak)
rCorr   .          Rampage  .   (no gloves)
Will    .....                   (no boots)
Stlth   ++........              (no amulet)
HPRegen 0.09/turn               (no ring)
MPRegen 0.09/turn               (no ring)

@: no status effects
A: sickness immunity, AC +3, negative energy resistance 1, electricity
resistance, torment resistance 1, petrification resistance
a: no special abilities


You were on level 3 of the Dungeon.
You visited 1 branch of the dungeon, and saw 3 of its levels.

You collected 126 gold pieces.

Inventory:

Hand Weapons
 a - a +0 hand axe (weapon)
Armour
 b - a +0 robe (worn)
Scrolls
 f - a scroll of summoning {unknown}
 h - a scroll of vulnerability {unknown}
 i - 2 scrolls of identify {unknown}
 j - a scroll of magic mapping {unknown}
 m - 4 scrolls of fear {unknown}
 n - a scroll of enchant armour {unknown}
 p - a scroll of brand weapon {unknown}
 q - a scroll of poison {unknown}
Potions
 c - a potion of ambrosia
 d - a potion of curing {unknown}
 e - a potion of might {unknown}
 g - a potion of mutation {unknown}
 k - a potion of brilliance {unknown}
 l - a potion of attraction {unknown}
 o - a potion of haste {unknown}
 r - a potion of degeneration {unknown}


   Skills:
 + Level 3.6 Fighting
 + Level 3.0 Axes
 + Level 1.0 Throwing
 + Level 1.4 Armour
 + Level 2.6 Dodging
 - Level 2.1 Stealth
 + Level 1.2 Shields
 + Level 0.8 Evocations


You had 3 spell levels left.
You didn't know any spells.
Your spell library contained the following spells:

 Spells                   Type           Power      Damage    Failure   Level
 Conjure Flame            Conj/Fire      0%         6-21      71%         3
 Gell's Gravitas          Tloc           0%         N/A       71%         3
 Ignite Poison            Fire/Tmut/Pois 0%         N/A       71%         3
 Lesser Beckoning         Tloc           0%         N/A       71%         3
 Teleport Other           Tloc           0%         N/A       71%         3
 Sticky Flame             Conj/Fire      0%         2d3       98%         4


Dungeon Overview and Level Annotations

Branches:
Dungeon (3/15)

Altars:


Innate Abilities, Weirdness & Mutations

You are immune to sickness and miasma.
Your stone body is resilient. (AC +3)
You are immune to poison.
You resist negative energy. (rN+)
You are resistant to electric shocks. (rElec)
You are resistant to unholy torment.
You are immune to petrification.


Message History

The frilled lizard hisses angrily.
You hit the frilled lizard.
The frilled lizard is heavily wounded.
The frilled lizard misses you.
You closely miss the frilled lizard.
The frilled lizard is heavily wounded.
The frilled lizard closely misses you. The frilled lizard barely misses you.
You hit the frilled lizard.
You kill the frilled lizard!
No target in view!
A kobold comes into view. It is wielding a +0 dagger.
Found 8 stones.
The helpless kobold fails to defend itself.
You slash the kobold!
You kill the kobold!
Your Axes skill increases to level 3!
No target in view!
No target in view!
A worm comes into view.
You see here 12 gold pieces.
A worm is nearby!
The worm bites you!
You hit the worm.
The worm is moderately wounded.
The worm bites you.
You barely miss the worm.
The worm is moderately wounded.
You hit the worm.
The worm is heavily wounded.
The worm bites you!
* * * LOW HITPOINT WARNING * * *
You are too injured to fight recklessly!
You are too injured to fight recklessly!
You are too injured to fight recklessly!
You are too injured to fight recklessly!
You are too injured to fight recklessly!
You hit the worm.
The worm is severely wounded.
The worm bites you!
You die...

## ##.. #... ## #..#
.. #..# #. #..# #.
#..# #. #†.# ####w##
#..# #....@# # #..#
###.###.##.# #..# (..
#....# #..# #)###.####
)..# #....$#
##.###########.#######
#....................
################.####
..


You could see a worm.

Vanquished Creatures
  An adder (D:2)
  A worm (D:3)
  5 endoplasms
  5 hobgoblins
  3 jackals (D:1)
  3 quokkas (D:1)
  5 ball pythons
  2 bats (D:1)
  9 frilled lizards
  4 goblins
  5 kobolds
  3 rats
46 creatures vanquished.

Notes
Turn   | Place    | Note
-------+----------+-------------------------------------------
     0 | D:1      | GorkyZ the Gargoyle Monk began the quest for the Orb.
     0 | D:1      | Reached XP level 1. HP: 14/14 MP: 1/1
   269 | D:1      | Reached XP level 2. HP: 19/19 MP: 2/2
   431 | D:1      | Found a faded altar of an unknown god.
  1083 | D:2      | Reached XP level 3. HP: 23/23 MP: 3/3
  1134 | D:2      | Reached skill level 1 in Shields
  1165 | D:2      | Reached skill level 1 in Armour
  1292 | D:2      | Reached skill level 1 in Throwing
  2031 | D:3      | Reached XP level 4. HP: 28/28 MP: 4/4
  2133 | D:3      | Slain by a worm

Illustrated notes

Levels and vault maps discovered:
D:1:      kennysheep_arrival_forest, layout_basic,
          hellmonk_ecumenical_altar_crossroads
D:2:      layout_basic, eino_tiny_chamber, minmay_misc_feat_secret_circle
D:3:      layout_loops_ring, corexii_item_surrounded_by_moat, uniq_robin

Skill      XL: |  1  2  3  4 |
---------------+-------------+-----
Shields        | 1 |  1.2
Armour         | 1 |  1.4
Throwing       | 1 |  1.0
Axes           | 3 |  3.0
Fighting       | |  3.6
Dodging        | |  2.6
Stealth        | |  2.1
Evocations     | |  0.8

Action                   |  1- 3 |  4- 6 || total
-------------------------+-------+-------++-------
Melee: Hand axe          |   131 |    10 ||   141
 Stab: Sleeping          |     5 |     1 ||     6
Armor: Robe              |    47 |     1 ||    48
Dodge: Dodged            |    97 |     4 ||   101
